[ PARTIDA AOE2 · #505293312 ]
UnrankedMongoles vs Chinese
Equipo del jugador · DERR
Equipo rival · VICT
[ ANÁLISIS DE REPETICIÓN · EXTRAÍDO DE LA PARTIDA GRABADA ]
Feudal
8:27
Castillos
27:24
Imperial
53:36
| APM promedio | 77.4 |
| APM pico | 157 |
| eAPM promedio | 47.7 |
| Aldeanos / militares | 179 / 194 |
Foco
⚔️ 74.2% · 🌾 25.8%
Archer ×86 · Skirmisher ×55 · Mangudai ×28 · Mangonel ×11 · Scout Cavalry ×7 · Militia ×4
Feudal
8:14
Castillos
21:54
Imperial
45:47
| APM promedio | 67.4 |
| APM pico | 109 |
| eAPM promedio | 35.2 |
| Aldeanos / militares | 249 / 315 |
Foco
⚔️ 54.3% · 🌾 45.7%
Archer ×123 · Scout Cavalry ×89 · Skirmisher ×52 · Battering Ram ×22 · Iron Pagoda ×10 · Cavalry Archer ×6
Mapa de la partida
Recursos iniciales + cada clic de construcción. Líneas = muros · curvas = relieve. ◆ oro · ⬟ piedra · ● bayas · ✦ reliquia · ◌ hueco del cierre
Tu base· ✓ Cerrada en 27:24 · 7t muro · sin puerta
Base de O grande· Abierta — el rival se encerró
Terreno inicial suavizado · ◌ = hueco del cierre detectado · pasá el cursor para detalles
Inputs por minuto
— RaiD - - O grande
Build order — RaiD
Primeras 150 de 513 acciones detectadas
| 0:01 | Encolar | Villager (Male) ×4 |
| 0:02 | Construir | House |
| 0:02 | Construir | House |
| 1:25 | Encolar | Villager (Male) |
| 1:26 | Encolar | Villager (Male) |
| 1:50 | Construir | Lumber Camp |
| 2:05 | Encolar | Villager (Male) |
| 2:05 | Encolar | Villager (Male) |
| 2:22 | Encolar | Villager (Male) |
| 2:36 | Encolar | Villager (Male) |
| 2:52 | Encolar | Villager (Male) |
| 3:09 | Encolar | Villager (Male) |
| 3:10 | Encolar | Villager (Male) |
| 3:33 | Encolar | Villager (Male) |
| 3:33 | Encolar | Villager (Male) |
| 3:46 | Construir | House |
| 4:18 | Construir | House |
| 4:22 | Encolar | Villager (Male) |
| 4:43 | Encolar | Villager (Male) |
| 5:25 | Construir | Barracks |
| 5:27 | Investigar | Loom |
| 5:34 | Encolar | Villager (Male) |
| 6:06 | Construir | House |
| 6:16 | Investigar | Feudal Age |
| 6:31 | Encolar | Militia |
| 6:47 | Encolar | Militia |
| 6:58 | Construir | Mill |
| 7:01 | Encolar | Militia |
| 7:21 | Encolar | Militia |
| 7:44 | Construir | Mining Camp |
| 8:14 | Encolar | Villager (Male) |
| 8:27 | Edad | Edad Feudal |
| 8:38 | Investigar | Double-Bit Axe |
| 8:41 | Investigar | Double-Bit Axe |
| 8:43 | Investigar | Man-at-Arms (upgrade) |
| 8:49 | Construir | Archery Range |
| 8:56 | Encolar | Villager (Male) |
| 9:31 | Encolar | Archer |
| 9:32 | Construir | House |
| 9:34 | Construir | House |
| 9:36 | Construir | Palisade Wall |
| 9:42 | Encolar | Archer |
| 9:44 | Encolar | Villager (Male) |
| 10:07 | Encolar | Archer |
| 10:11 | Encolar | Villager (Male) |
| 10:39 | Construir | Farm |
| 10:41 | Encolar | Villager (Male) |
| 10:50 | Construir | Farm |
| 10:54 | Construir | Farm |
| 10:56 | Encolar | Archer |
| 11:03 | Encolar | Villager (Male) |
| 11:18 | Encolar | Villager (Male) |
| 11:26 | Construir | Farm |
| 11:46 | Encolar | Spearman |
| 11:49 | Encolar | Villager (Male) |
| 11:50 | Encolar | Archer |
| 12:03 | Construir | Farm |
| 12:14 | Encolar | Spearman |
| 12:18 | Encolar | Villager (Male) |
| 12:20 | Construir | Palisade Wall |
| 12:22 | Construir | Palisade Wall |
| 12:31 | Encolar | Archer |
| 12:34 | Construir | Farm |
| 12:39 | Encolar | Archer |
| 12:51 | Encolar | Villager (Male) |
| 13:05 | Encolar | Villager (Male) |
| 13:19 | Encolar | Archer |
| 13:20 | Encolar | Villager (Male) |
| 13:31 | Encolar | Villager (Male) |
| 13:34 | Construir | Blacksmith |
| 13:44 | Encolar | Archer |
| 13:59 | Encolar | Villager (Male) |
| 14:16 | Investigar | Fletching |
| 14:16 | Investigar | Fletching |
| 14:18 | Construir | House |
| 14:22 | Encolar | Villager (Male) |
| 14:26 | Encolar | Villager (Male) |
| 14:54 | Encolar | Villager (Male) |
| 14:56 | Construir | House |
| 14:58 | Construir | Stable |
| 15:13 | Encolar | Archer |
| 15:23 | Encolar | Villager (Male) |
| 15:25 | Construir | House |
| 15:26 | Construir | House |
| 15:27 | Construir | House |
| 15:31 | Encolar | Archer |
| 15:42 | Construir | Farm |
| 15:56 | Encolar | Scout Cavalry |
| 15:58 | Encolar | Villager (Male) |
| 16:00 | Construir | Palisade Wall |
| 16:01 | Construir | House |
| 16:04 | Encolar | Scout Cavalry |
| 16:08 | Encolar | Archer |
| 16:10 | Encolar | Villager (Male) |
| 16:16 | Investigar | Double-Bit Axe |
| 16:19 | Encolar | Villager (Male) |
| 16:37 | Construir | Watch Tower |
| 16:45 | Encolar | Archer |
| 16:56 | Encolar | Scout Cavalry |
| 17:11 | Encolar | Archer |
| 17:26 | Encolar | Archer |
| 17:35 | Encolar | Villager (Male) |
| 18:07 | Encolar | Villager (Male) |
| 18:09 | Construir | Mining Camp |
| 18:17 | Encolar | Scout Cavalry |
| 18:17 | Encolar | Villager (Male) |
| 18:19 | Construir | Farm |
| 18:29 | Construir | Watch Tower |
| 18:36 | Encolar | Scout Cavalry |
| 18:40 | Encolar | Archer |
| 18:41 | Encolar | Archer |
| 18:52 | Encolar | Villager (Male) |
| 18:54 | Construir | Farm |
| 18:56 | Encolar | Villager (Male) |
| 19:08 | Investigar | Forging |
| 19:11 | Construir | House |
| 19:12 | Construir | House |
| 19:17 | Encolar | Archer |
| 19:38 | Encolar | Villager (Male) |
| 19:40 | Construir | Farm |
| 19:40 | Construir | Farm |
| 20:04 | Encolar | Archer |
| 20:05 | Construir | Farm |
| 20:06 | Encolar | Villager (Male) |
| 20:13 | Construir | Watch Tower |
| 20:21 | Construir | Farm |
| 20:27 | Encolar | Villager (Male) |
| 20:36 | Encolar | Archer |
| 20:40 | Encolar | Villager (Male) |
| 20:41 | Construir | Farm |
| 20:42 | Construir | Farm |
| 21:00 | Construir | Farm |
| 21:05 | Encolar | Archer |
| 21:32 | Encolar | Villager (Male) |
| 21:33 | Construir | Farm |
| 21:33 | Construir | Farm |
| 21:34 | Construir | Farm |
| 21:40 | Encolar | Villager (Male) |
| 21:41 | Construir | Farm |
| 21:42 | Encolar | Archer |
| 21:47 | Encolar | Scout Cavalry |
| 21:53 | Construir | Watch Tower |
| 21:59 | Construir | Farm |
| 22:02 | Encolar | Villager (Male) |
| 22:39 | Construir | Watch Tower |
| 22:44 | Construir | Farm |
| 23:06 | Encolar | Villager (Male) |
| 23:20 | Encolar | Archer |
| 23:22 | Construir | Lumber Camp |
| 23:37 | Construir | Farm |
Build order — O grande
Primeras 150 de 735 acciones detectadas
| 0:00 | Investigar | Loom |
| 0:45 | Encolar | Villager (Male) |
| 0:46 | Encolar | Villager (Male) |
| 1:14 | Encolar | Villager (Male) |
| 1:15 | Encolar | Villager (Male) |
| 1:41 | Encolar | Villager (Male) |
| 1:42 | Encolar | Villager (Male) |
| 1:59 | Encolar | Villager (Male) |
| 2:09 | Construir | Lumber Camp |
| 2:29 | Encolar | Villager (Male) |
| 2:29 | Encolar | Villager (Male) |
| 2:43 | Encolar | Villager (Male) |
| 2:43 | Encolar | Villager (Male) |
| 3:08 | Encolar | Villager (Male) |
| 3:19 | Encolar | Villager (Male) |
| 3:28 | Construir | House |
| 4:07 | Encolar | Villager (Male) |
| 4:07 | Encolar | Villager (Male) |
| 4:15 | Encolar | Villager (Male) |
| 4:46 | Construir | Mill |
| 5:15 | Encolar | Villager (Male) |
| 6:04 | Investigar | Feudal Age |
| 7:14 | Construir | Barracks |
| 7:24 | Construir | House |
| 7:30 | Encolar | Villager (Male) |
| 7:58 | Encolar | Villager (Male) |
| 8:14 | Edad | Edad Feudal |
| 8:34 | Construir | Stable |
| 8:44 | Encolar | Villager (Male) |
| 8:47 | Encolar | Spearman |
| 9:07 | Encolar | Scout Cavalry |
| 9:12 | Encolar | Spearman |
| 9:21 | Construir | House |
| 9:32 | Encolar | Villager (Male) |
| 9:34 | Construir | Farm |
| 9:56 | Construir | Palisade Wall |
| 9:57 | Construir | Palisade Wall |
| 10:05 | Construir | Farm |
| 10:12 | Encolar | Scout Cavalry |
| 10:13 | Encolar | Villager (Male) |
| 10:21 | Encolar | Villager (Male) |
| 10:36 | Construir | Farm |
| 10:39 | Construir | Farm |
| 10:42 | Construir | Farm |
| 10:45 | Construir | Farm |
| 10:52 | Construir | House |
| 11:05 | Encolar | Villager (Male) |
| 11:11 | Encolar | Villager (Male) |
| 11:36 | Construir | Palisade Wall |
| 11:37 | Construir | Archery Range |
| 11:42 | Construir | House |
| 11:48 | Investigar | Double-Bit Axe |
| 12:09 | Encolar | Villager (Male) |
| 12:17 | Construir | Palisade Gate |
| 12:18 | Construir | Palisade Wall |
| 12:27 | Construir | Farm |
| 12:31 | Construir | Farm |
| 12:32 | Encolar | Villager (Male) |
| 12:34 | Encolar | Skirmisher |
| 12:34 | Encolar | Skirmisher |
| 12:40 | Encolar | Skirmisher |
| 12:44 | Construir | Palisade Wall |
| 12:47 | Encolar | Villager (Male) |
| 13:04 | Encolar | Skirmisher |
| 13:17 | Encolar | Skirmisher |
| 13:18 | Encolar | Villager (Male) |
| 13:36 | Encolar | Skirmisher |
| 13:36 | Encolar | Villager (Male) |
| 13:50 | Encolar | Villager (Male) |
| 13:55 | Construir | Farm |
| 13:57 | Construir | Farm |
| 13:59 | Construir | Farm |
| 14:01 | Construir | Farm |
| 14:06 | Encolar | Skirmisher |
| 14:16 | Encolar | Villager (Male) |
| 14:25 | Construir | House |
| 14:27 | Construir | House |
| 14:53 | Encolar | Villager (Male) |
| 14:58 | Encolar | Villager (Male) |
| 15:01 | Construir | Blacksmith |
| 15:05 | Encolar | Villager (Male) |
| 15:17 | Encolar | Villager (Male) |
| 15:24 | Encolar | Villager (Male) |
| 15:28 | Encolar | Skirmisher |
| 15:28 | Encolar | Skirmisher |
| 15:32 | Construir | Farm |
| 15:33 | Construir | Farm |
| 15:43 | Construir | House |
| 15:45 | Construir | Palisade Wall |
| 15:47 | Construir | Farm |
| 16:00 | Encolar | Skirmisher |
| 16:09 | Construir | House |
| 16:10 | Construir | House |
| 16:15 | Encolar | Villager (Male) |
| 16:15 | Encolar | Villager (Male) |
| 16:32 | Construir | Mining Camp |
| 16:50 | Encolar | Spearman |
| 17:06 | Construir | Watch Tower |
| 17:11 | Encolar | Spearman |
| 17:13 | Encolar | Villager (Male) |
| 17:15 | Encolar | Archer |
| 17:15 | Encolar | Archer |
| 17:19 | Encolar | Scout Cavalry |
| 17:19 | Encolar | Scout Cavalry |
| 17:56 | Investigar | Fletching |
| 18:01 | Encolar | Villager (Male) |
| 18:18 | Construir | Market |
| 18:22 | Encolar | Villager (Male) |
| 18:42 | Encolar | Villager (Male) |
| 18:52 | Construir | Archery Range |
| 19:14 | Investigar | Castle Age |
| 19:30 | Encolar | Archer |
| 19:30 | Encolar | Archer |
| 19:44 | Encolar | Archer |
| 19:44 | Encolar | Archer |
| 19:58 | Investigar | Horse Collar |
| 19:58 | Investigar | Gold Mining |
| 20:01 | Construir | House |
| 20:02 | Construir | House |
| 20:09 | Construir | Stone Wall |
| 20:20 | Encolar | Villager (Male) |
| 20:48 | Investigar | Padded Archer Armor |
| 20:53 | Encolar | Archer |
| 20:53 | Encolar | Archer |
| 20:56 | Encolar | Archer |
| 20:56 | Encolar | Archer |
| 21:23 | Encolar | Spearman |
| 21:54 | Edad | Edad de los Castillos |
| 21:56 | Construir | Watch Tower |
| 21:57 | Investigar | Bodkin Arrow |
| 21:57 | Investigar | Bodkin Arrow |
| 23:06 | Encolar | Villager (Male) |
| 23:16 | Investigar | Crossbowman (upgrade) |
| 23:19 | Encolar | Archer |
| 23:19 | Encolar | Archer |
| 23:20 | Encolar | Villager (Male) |
| 23:37 | Encolar | Villager (Male) |
| 23:55 | Construir | Town Center |
| 24:00 | Investigar | Bow Saw |
| 24:12 | Encolar | Villager (Male) |
| 24:36 | Encolar | Archer |
| 24:36 | Encolar | Archer |
| 24:50 | Encolar | Villager (Male) |
| 24:50 | Encolar | Villager (Male) |
| 24:50 | Encolar | Villager (Male) |
| 24:50 | Encolar | Villager (Male) |
| 24:55 | Encolar | Archer |
| 24:55 | Encolar | Archer |
| 25:22 | Encolar | Villager (Male) |
| 25:22 | Encolar | Villager (Male) |
Cronología de la partida
| 5:25 | RaiD · first_building Barracks |
| 7:14 | O grande · first_building Barracks |
| 8:14 | O grande · age_up feudal |
| 8:27 | RaiD · age_up feudal |
| 8:34 | O grande · first_building Stable |
| 8:49 | RaiD · first_building Archery Range |
| 9:36 | RaiD · wall_segment Palisade Wall x3 |
| 9:56 | O grande · wall_segment Palisade Wall x1 |
| 9:57 | O grande · wall_segment Palisade Wall x1 |
| 11:36 | O grande · wall_segment Palisade Wall x1 |
| 11:37 | O grande · first_building Archery Range |
| 12:18 | O grande · wall_segment Palisade Wall x1 |
| 12:20 | RaiD · wall_segment Palisade Wall x1 |
| 12:22 | RaiD · wall_segment Palisade Wall x1 |
| 12:44 | O grande · wall_segment Palisade Wall x8 |
| 14:58 | RaiD · first_building Stable |
| 15:45 | O grande · wall_segment Palisade Wall x1 |
| 16:00 | RaiD · wall_segment Palisade Wall x1 |
| 20:09 | O grande · wall_segment Stone Wall x1 |
| 21:04 | O grande · first_market_buy 100 stone |
| 21:54 | O grande · age_up castle |
| 25:58 | RaiD · wall_segment Palisade Wall x1 |
| 27:24 | RaiD · age_up castle |
| 27:58 | RaiD · first_building Siege Workshop |
| 28:52 | O grande · first_building Monastery |
| 29:59 | O grande · first_building Siege Workshop |
| 30:30 | RaiD · first_building Castle |
| 30:39 | O grande · wall_segment Stone Wall x1 |
| 30:40 | O grande · wall_segment Stone Wall x1 |
| 30:40 | O grande · wall_segment Stone Wall x1 |
| 30:53 | O grande · first_market_sell 100 food |
| 33:21 | RaiD · first_market_sell 100 food |
| 34:01 | RaiD · first_market_buy 100 wood |
| 45:47 | O grande · age_up imperial |
| 49:17 | O grande · first_building Castle |
| 53:36 | RaiD · age_up imperial |
| 61:04 | RaiD · resign |
[ ANÁLISIS IA · 1 CRÉDITO ]
¿Qué pasó realmente en esta partida?
Wolo.gg analiza cada decisión: build order, eco, micro, errores típicos por bracket. Análisis personalizado por WhatsApp o Discord en 30 segundos.
Guía civ
Mongoles
Perfil
Jugador #3173869